 Dungeon Crawl Stone Soup version 0.30-a0-879-ga8ba668304 (webtiles) character file.

Game seed: 14657554297783152926

6 M4edhros the Charlatan (level 1, -3/13 HPs)
             Began as an Octopode Artificer on Mar 14, 2023.
             Succumbed to a goblin's poison
             ... on level 1 of the Dungeon.
             The game lasted 00:00:14 (301 turns).

M4edhros the Charlatan (Octopode Artificer)          Turns: 301, Time: 00:00:15

Health: -3/13      AC:  1    Str: 11    XL:     1   Next: 90%
Magic:  1/1        EV: 13    Int: 13    God:
Gold:   41         SH:  0    Dex: 12    Spells: 0/0 levels left

rFire   . . .      SeeInvis .    (no weapon)
rCold   . . .      Faith    .    (no shield)
rNeg    . . .      Spirit   .    (helmet restricted)
rPois   .          Reflect  .    (no amulet)
rElec   .          Rampage  .    (no ring)
rCorr   .                        (no ring)
Will    .....                    (no ring)
Stlth   +++                      (no ring)
HPRegen 0.22/turn                (no ring)
MPRegen 0.07/turn                (no ring)
                                 (no ring)
                                 (no ring)

@: lethally poisoned (-3 -> -22)
A: almost no armour, amphibious, 8 rings, camouflage 1, gelatinous body 1,
(nimble swimmer 1), tentacles
a: no special abilities


You were on level 1 of the Dungeon.
You visited 1 branch of the dungeon, and saw 1 of its levels.

You collected 41 gold pieces.

Inventory:

Wands
 b - a wand of flame (15) (quivered)
 c - a wand of charming (15)
 d - a wand of iceblast (5)
Scrolls
 e - 4 scrolls of identify {unknown}
 f - a scroll of torment {unknown}


   Skills:
 + Level 1.4 Fighting
 + Level 2.6 Dodging
 - Level 1.3 Stealth
 - Level 3.2 Evocations


You couldn't memorise any spells.
You didn't know any spells.
Your spell library was empty.

Dungeon Overview and Level Annotations

Branches:
Dungeon (1/15)

Altars:


Innate Abilities, Weirdness & Mutations

You cannot wear most types of armour.
You are amphibious.
You can wear up to eight rings at the same time.
Your skin changes colour to match your surroundings (Stealth+).
Your rubbery body absorbs attacks. (AC +1, EV +1)
((You are camouflaged when in or above water. (Stealth+)))
You have tentacles for arms and can constrict up to eight enemies at once.


Message History

There is an open door here.
Key pressed, stopping explore.
No target in view!
No target in view!
There is an open door here.
There is an open door here.
You open the door.
Found a pair of boots.
No target in view!
There is an open door here.
Found a dagger.
No target in view!
A goblin comes into view. It is wielding a +1 dagger of venom.
Found a yellow potion.
A bat comes into view.
There are monsters nearby!
The goblin shouts!
A goblin is nearby!
A kobold comes into view. It is wielding a +0 dagger.
The goblin hits you with a +1 dagger of venom.
You see here a +0 dagger.
There are monsters nearby!
The kobold shouts!
You tentacle-slap the goblin but do no damage.
Your grab misses the goblin. The bat hits you. The goblin closely misses you.
The bat misses you.
You tentacle-slap the bat.
You kill the bat!
The kobold throws a stone.
The stone hits you but does no damage.
The goblin hits you with a +1 dagger of venom.
You are lethally poisoned!
You tentacle-slap the goblin. Your grab misses the goblin.
The goblin is heavily wounded.
You feel sick.
The kobold throws a stone.
The stone hits you.
The goblin hits you with a +1 dagger of venom.
* * * LOW HITPOINT WARNING * * *
You are more poisoned.
Okay, then.
It was a potion of cancellation.
You feel magically purged.
You die...

##..####.#. ... #...#
###. ...# ###.########.
....########..........#.
....................###
....$.##....#........#
#K.......#........#
#........#........##
#.†@.....#........#.
#.g......#..........
#...#...............##
###!#...............# #
#........#...####
#..........###
#..........##
#..#.##.....## # #...
##...#..####.


You could see a goblin and a kobold.

Vanquished Creatures
  2 bats (D:1)
  A giant cockroach (D:1)
  2 kobolds (D:1)
  A frilled lizard (D:1)
6 creatures vanquished.

Notes
Turn   | Place    | Note
-------+----------+-------------------------------------------
     0 | D:1      | M4edhros the Octopode Artificer began the quest for the
                  | Orb.
     0 | D:1      | Reached XP level 1. HP: 13/13 MP: 1/1
   301 | D:1      | Succumbed to a goblin's poison

Illustrated notes

Levels and vault maps discovered:
D:1:      elethiomel_arrival_infinity_welcomes_careful_drivers, layout_rooms,
          patterned_corridor

Action                     || total
---------------------------++-------
  Melee: Unarmed           ||    15
         Constrict         ||     4
         Tentacles         ||     4
    Use: Potion            ||     1
 Armour: Skin              ||     1
  Dodge: Dodged            ||     9

Table legend: (Time is in decaauts)
 A = Elapsed time spent in this place.
 B = Non-inter-level travel time spent in this place.
 C = Inter-level travel time spent in this place.
 D = Time resting spent in this place.
 E = Time spent auto-exploring this place.
 F = Levels seen in this place.
 G = Mean time per level.
                   A        B        C        D        E       F      G
               +--------+--------+--------+--------+--------+-----+--------+
         Total |    301 |    301 |      0 |      0 |    255 |   1 |  301.0 |
       Dungeon |    301 |    301 |      0 |      0 |    255 |   1 |  301.0 |
               +--------+--------+--------+--------+--------+-----+--------+

Top non-repeatable levels by time:
     D:1: 301 daAuts
